 Dungeon Crawl Stone Soup version 0.19.1 (webtiles) character file.

16987 Peloso the Carver (level 12, -1/104 HPs)
             Began as a Ghoul Fighter on Dec 10, 2016.
             Was an Elder of Okawaru.
             Shot with an arrow by Nessos (8 damage)
             ... on level 12 of the Dungeon.
             The game lasted 00:55:27 (16842 turns).

Peloso the Carver (Ghoul Fighter)                  Turns: 16842, Time: 00:55:28

Health: -1/104     AC: 22    Str: 21    XL:     12   Next: 43%
Magic:  12/12      EV:  7    Int:  3    God:    Okawaru [****..]
Gold:   784        SH: 12    Dex: 15    Spells: 0 memorised, 11 levels left

rFire  . . .     SeeInvis .     a - +0 long sword
rCold  + . .     Gourm    .     x - +0 plate armour
rNeg   + + +     Faith    .     c - +0 shield
rPois  ∞         Spirit   .     z - +1 helmet
rElec  .         Reflect  .     (no cloak)
rCorr  .         Harm     .     K - +0 pair of gloves
MR     .....                    (no boots)
Stlth  ..........               (no amulet)
                                M - +4 ring of protection
                                F - +3 ring of dexterity

@: rotting
A: rotting body, claws 1, carnivore 3, cold resistance 1, negative energy
resistance 3, slow regeneration 1, torment resistance, unbreathing
a: Heroism, Renounce Religion


You were on level 12 of the Dungeon.
You worshipped Okawaru.
Okawaru was greatly pleased with you.
You were not hungry.

You visited 4 branches of the dungeon, and saw 15 of its levels.

You collected 784 gold pieces.

Inventory:

Hand Weapons
 a - a +0 long sword (weapon)
 d - a +1 long sword of holy wrath
Armour
 c - a +0 shield (worn)
 h - a +1 helmet
 x - a +0 plate armour (worn)
 z - a +1 helmet (worn)
 K - a +0 pair of gloves (worn)
Jewellery
 k - an uncursed ring of ice
 w - an uncursed ring of fire
 D - an uncursed ring of flight
 F - a +3 ring of dexterity (left hand)
 M - a +4 ring of protection (right hand)
Wands
 s - a wand of confusion (31/48)
 G - a wand of polymorph (24/24)
 L - a wand of enslavement (5/24)
 N - a wand of lightning (3/15)
Scrolls
 g - 2 scrolls of identify
 i - 2 scrolls of magic mapping
 j - 2 scrolls of enchant weapon
 l - 2 scrolls of teleportation
 m - a scroll of fog
 r - 3 scrolls of enchant armour
 y - 2 scrolls of remove curse
 C - 3 scrolls of amnesia
 E - 2 scrolls of recharging
Potions
 b - a potion of ambrosia
 e - 2 potions of agility
 o - a potion of lignification
 q - a potion of mutation
 u - a potion of haste
 B - 3 potions of magic
Books
 n - a book of Frost

   Spells                             Type                      Level
   a - Freeze                         Ice                          1
   b - Throw Frost                    Conjuration/Ice              2
   c - Ozocubu's Armour               Charms/Ice                   3
   d - Throw Icicle                   Conjuration/Ice              4
   e - Summon Ice Beast               Ice/Summoning                4
 p - a book of Maledictions

   Spells                             Type                      Level
   a - Corona                         Hexes                        1
   b - Ensorcelled Hibernation        Hexes/Ice                    2
   c - Confuse                        Hexes                        3
   d - Tukima's Dance                 Hexes                        3
   e - Dazzling Spray                 Conjuration/Hexes            3
 t - a book of Misfortune

   Spells                             Type                      Level
   a - Confusing Touch                Hexes                        1
   b - Confuse                        Hexes                        3
   c - Gell's Gravitas                Hexes/Translocation          3
   d - Petrify                        Transmutation/Earth          4
   e - Metabolic Englaciation         Hexes/Ice                    5
   f - Yara's Violent Unravelling     Hexes/Transmutation          5
 H - a book of Geomancy

   Spells                             Type                      Level
   a - Sandblast                      Earth                        1
   b - Passwall                       Transmutation/Earth          2
   c - Stone Arrow                    Conjuration/Earth            3
   d - Petrify                        Transmutation/Earth          4
   e - Lee's Rapid Deconstruction     Earth                        5
 J - a book of Minor Magic

   Spells                             Type                      Level
   a - Magic Dart                     Conjuration                  1
   b - Blink                          Translocation                2
   c - Call Imp                       Summoning                    2
   d - Repel Missiles                 Charms/Air                   2
   e - Slow                           Hexes                        2
   f - Conjure Flame                  Conjuration/Fire             3
   g - Mephitic Cloud                 Conjuration/Poison/Air       3
Comestibles
 f - 6 meat rations
 v - 9 beef jerkies
 A - a royal jelly


   Skills:
 + Level 9.0 Fighting
 + Level 11.0 Long Blades
 + Level 9.2 Armour
 + Level 3.4 Dodging
 + Level 0.5 Stealth
 + Level 9.3 Shields
 + Level 2.4 Invocations


You had 11 spell levels left.
You didn't know any spells.

Dungeon Overview and Level Annotations

Branches:
Dungeon (12/15)            Temple (1/1) D:7            Lair (1/6) D:10
    Orc (1/2) D:9

Altars:
Ashenzari
Cheibriados
Dithmenos
Elyvilon
Fedhas
Gozag
Hepliaklqana
Kikubaaqudgha
Makhleb
Nemelex Xobeh
Okawaru
Qazlal
Ru
Sif Muna
Trog
Uskayaw
Vehumet
Xom
Yredelemnul
Zin
The Shining One

Annotations:
D:2 1 runed door
D:12 Nessos
Orc:1 Harold


Innate Abilities, Weirdness & Mutations

Your body is rotting away.
You thrive on raw meat.
You are immune to poison.
You have sharp fingernails.
You are carnivorous and can eat meat at any time.
Your flesh is cold resistant. (rC+)
You are immune to negative energy. (rN+++)
You regenerate slowly when monsters are visible.
You are immune to unholy pain and torment.
You can survive without breathing.


Message History

Nessos shoots an arrow.
The arrow closely misses you.
Nessos shoots an arrow.
You block the arrow.
Nessos mumbles some strange words.
You see here 2 arrows.
Nessos shoots an arrow.
The arrow hits you! The arrow burns you.
Nessos casts a spell.
You see here an arrow.
There is a stone staircase leading down here.
Nessos shoots an arrow.
The arrow hits you! The arrow burns you.
Nessos shoots an arrow.
The arrow barely misses you.
Things that are here:
an arrow; an adder corpse Nessos shoots an arrow.
You block the arrow.
Nessos shoots an arrow.
The arrow hits you!!
* * * LOW HITPOINT WARNING * * *
The arrow burns you.
* * * LOW HITPOINT WARNING * * *
You see here an arrow.
Nessos shoots an arrow.
The arrow hits you!
You die...

#######.## #..........
#......(.###..........
....(....#............
#........(.#c.........
#........###.(........
####.##### #.>........
#. ###(####### #. #(##
#@.# ##(# ######+
####'#### #......
#.......# #......
+.......# #......
#.......# #......
#.......######....<.
#.......'....)......
#.......######......


You could see Nessos.

Vanquished Creatures
  An unseen horror (D:11)
  2 ugly things
  Joseph (D:7)
  2 spiny frogs (Lair:1)
  A gargoyle (D:11)
  2 centaur skeletons
  3 trolls
  Grinder (D:6)
  Prince Ribbit (D:6)
  4 hippogriffs
  2 meliai zombies
  A centaur simulacrum (D:11)
  A wraith (D:11)
  18 yaks
  2 wyverns
  A hungry ghost (D:9)
  A steam dragon (D:7)
  2 porcupines (Lair:1)
  4 water moccasins
  5 sky beasts
  9 orc warriors
  5 ice beasts
  An eye of draining (D:11)
  10 ogres
  A phantom (D:7)
  6 centaurs
  2 crocodiles (Lair:1)
  A big kobold (D:11)
  11 bullfrogs
  7 scorpions
  16 killer bees
  5 howler monkeys
  4 crimson imps
  2 bullfrog zombies
  3 centaur zombies
  8 orc priests
  4 jellies
  7 hounds
  10 orc wizards
  A bullfrog skeleton (D:7)
  3 iguanas
  8 worker ants
  11 adders
  14 gnolls
  A howler monkey skeleton (D:10)
  3 shadow imps
  3 oozes
  2 adder skeletons
  An adder zombie (D:8)
  3 dart slugs
  8 leopard geckos
  57 orcs
  A ball python (D:6)
  6 giant cockroaches
  8 goblins
  14 hobgoblins
  14 jackals
  2 quokkas
  9 bats
  9 frilled lizards
  A jackal skeleton (D:5)
  16 kobolds
  A quokka skeleton (D:6)
  9 rats
372 creatures vanquished.

Vanquished Creatures (collateral kills)
  An orc (D:11)
1 creature vanquished.

Vanquished Creatures (others)
  2 fungi
  A plant (D:2)
3 creatures vanquished.

Grand Total: 376 creatures vanquished

Notes
Turn   | Place    | Note
-------+----------+-------------------------------------------
     0 | D:1      | Peloso the Ghoul Fighter began the quest for the Orb.
     0 | D:1      | Reached XP level 1. HP: 19/19 MP: 0/0
   121 | D:1      | Reached XP level 2. HP: 25/26 MP: 1/1
   324 | D:1      | Reached skill level 2 in Long Blades
   353 | D:1      | Reached XP level 3. HP: 22/31 MP: 2/2
   887 | D:2      | Reached skill level 1 in Dodging
  1093 | D:2      | Reached XP level 4. HP: 37/39 MP: 3/3
  1354 | D:2      | Found a shattered altar of Ashenzari.
  1358 | D:2      | Saw a vision of the Swamp and the Snake Pit.
  1358 | D:2      | Noticed an anaconda
  1358 | D:2      | Noticed a naga
  1358 | D:2      | Noticed a naga
  1358 | D:2      | Noticed a salamander
  1358 | D:2      | Noticed a black mamba
  1358 | D:2      | Noticed a naga ritualist
  1358 | D:2      | Noticed a bullfrog
  1358 | D:2      | Noticed a swamp drake
  1358 | D:2      | Noticed a bullfrog
  1359 | D:2      | Noticed a guardian serpent
  1359 | D:2      | Noticed a water moccasin
  1506 | D:2      | Found a runed door.
  1641 | D:2      | Found a shimmering altar of Xom.
  2002 | D:3      | Reached XP level 5. HP: 43/46 MP: 4/4
  2206 | D:3      | Reached skill level 3 in Long Blades
  2755 | D:4      | Reached XP level 6. HP: 45/52 MP: 5/5
  2970 | D:4      | Reached skill level 4 in Long Blades
  3412 | D:5      | Entered Level 5 of the Dungeon
  3420 | D:5      | Found a deep blue altar of Sif Muna.
  3421 | D:5      | Found a stormy altar of Qazlal.
  3421 | D:5      | Found a shadowy altar of Dithmenos.
  3422 | D:5      | Found a hazy altar of Hepliaklqana.
  3664 | D:4      | Reached XP level 7. HP: 59/59 MP: 6/6
  3987 | D:5      | Reached skill level 5 in Long Blades
  4331 | D:6      | Reached skill level 5 in Fighting
  4331 | D:6      | Reached XP level 8. HP: 58/68 MP: 7/7
  4383 | D:6      | Found a snail-covered altar of Cheibriados.
  4384 | D:6      | Noticed Grinder
  4394 | D:6      | Paralysed by Grinder for 7 turns
  4409 | D:6      | Paralysed by Grinder for 6 turns
  4436 | D:6      | Killed Grinder
  4643 | D:6      | Found a bloodstained altar of Trog.
  4700 | D:6      | Reached skill level 6 in Long Blades
  4900 | D:6      | Reached skill level 5 in Armour
  4928 | D:6      | Found a sparkling altar of Nemelex Xobeh.
  5250 | D:6      | Reached XP level 9. HP: 50/74 MP: 8/8
  5252 | D:6      | Reached skill level 5 in Shields
  5406 | D:7      | Reached skill level 7 in Long Blades
  5547 | D:7      | Noticed Prince Ribbit
  6123 | D:7      | Noticed Joseph
  6191 | D:7      | Killed Joseph
  6878 | D:7      | Reached skill level 8 in Long Blades
  7235 | D:7      | Found a staircase to the Ecumenical Temple.
  7244 | Temple   | Entered the Ecumenical Temple
  7279 | Temple   | Became a worshipper of Warmaster Okawaru
  7613 | D:8      | Reached XP level 10. HP: 43/83 MP: 9/9
  8824 | D:6      | Killed Prince Ribbit
  8931 | D:9      | Reached * piety under Okawaru
  8951 | D:9      | Found a staircase to the Orcish Mines.
  9259 | D:9      | HP: 3/84 [sky beast (6)]
  9313 | D:9      | Reached skill level 9 in Long Blades
 10176 | D:9      | Reached ** piety under Okawaru
 10320 | D:9      | Reached XP level 11. HP: 69/92 MP: 8/10
 10332 | D:9      | Found a bloodstained altar of Trog.
 10677 | D:9      | Reached skill level 1 in Invocations
 10811 | D:10     | Entered Level 10 of the Dungeon
 10934 | D:10     | Found a staircase to the Lair.
 12065 | Lair:1   | Entered Level 1 of the Lair of Beasts
 12065 | Lair:1   | Found a shattered altar of Ashenzari.
 12078 | Lair:1   | Reached skill level 10 in Long Blades
 12249 | Lair:1   | Reached *** piety under Okawaru
 13209 | Lair:1   | Reached **** piety under Okawaru
 13283 | Lair:1   | Noticed an eight-headed hydra
 13402 | Orc:1    | Entered Level 1 of the Orcish Mines
 13402 | Orc:1    | Noticed Harold
 13402 | Orc:1    | Noticed an orc knight
 13404 | Orc:1    | Noticed an orc high priest
 13649 | D:11     | HP: 1/94 [troll (6)]
 14101 | D:11     | Noticed a brown ugly thing
 14352 | D:9      | Killed a brown ugly thing
 14819 | D:11     | Reached XP level 12. HP: 91/103 MP: 12/12
 15819 | D:11     | HP: 5/100 [something (6)]
 16549 | D:11     | Reached skill level 11 in Long Blades
 16814 | D:12     | Noticed Nessos
 16842 | D:12     | Shot with an arrow by Nessos

Skill      XL: |  1  2  3  4  5  6  7  8  9 10 11 12 |
---------------+-------------------------------------+-----
Long Blades    | 2 3 4 5 6 8 9 10 11 | 11.0
Armour         | 3 4 5 6 7 8 9 |  9.2
Shields        | 3 4 6 7 8 9 |  9.3
Dodging        | 1 2 3 |  3.4
Fighting       | 4 5 6 7 8 9 |  9.0
Invocations    | 1 2 |  2.4
Stealth        | |  0.5

Action                   |  1- 3 |  4- 6 |  7- 9 | 10-12 || total
-------------------------+-------+-------+-------+-------++-------
Melee: Long sword        |   214 |   381 |   540 |  1508 ||  2643
Invok: Heroism           |       |       |       |    40 ||    40
Evoke: Wand              |       |       |       |     1 ||     1
  Use: Scroll            |     3 |     5 |     6 |    16 ||    30
       Potion            |     1 |       |     3 |     4 ||     8
  Eat: Chunk             |     9 |    14 |    29 |    82 ||   134
Armor: Scale mail        |   122 |    31 |       |       ||   153
       Chain mail        |       |   156 |   198 |       ||   354
       Plate armour      |       |       |    51 |   766 ||   817
Dodge: Dodged            |    92 |   116 |   128 |   305 ||   641
Block: Shield            |   135 |   196 |   253 |   830 ||  1414
       Rpst.: Long sword |    34 |    33 |    37 |    80 ||   184
